 Dungeon Sprint DCSS version 0.29-a0-194-g6e3aafee17 (webtiles) character file.

Game seed: 6065280360450215452

3865 Zeldest the Unseen (level 9, -5/52 HPs)
             Began as a Vampire Enchanter on Feb 22, 2022.
             Was an Elder of Cheibriados.
             Slain by a demonic crawler (15 damage)
             ... in the Dungeon (Sprint I: "Red Sonja").
             The game lasted 00:07:38 (370 turns).

Zeldest the Unseen (Vampire Enchanter)               Turns: 370, Time: 00:07:38

Health: -5/52      AC:  2    Str: 16    XL:     9   Next: 99%
Magic:  9/15       EV: 13    Int: 26    God:    Cheibriados [****..]
Gold:   612        SH:  0    Dex: 28    Spells: 7/12 levels left

rFire   . . .      SeeInvis +   k - +3 dagger (distort)
rCold   + + .      Faith    .   (no shield)
rNeg    + + +      Spirit   .   b - +0 robe
rPois   ∞          Reflect  .   (no helmet)
rElec   .          Harm     .   (no cloak)
rCorr   .          Rampage  .   (no gloves)
Will    .....      NoTele   +   (no boots)
Stlth   ++++++++++              (no amulet)
HPRegen 0.00/turn               (no ring)
MPRegen 0.14/turn               (no ring)

@: bloodless, inhibited regen, very slow
A: bloodless, fangs 3, see invisible, vampiric 2
a: Bat Form, Revivify, Renounce Religion, Bend Time, Temporal Distortion, Slouch


You were in the Dungeon.
You worshipped Cheibriados.
Cheibriados was greatly pleased with you.
You visited 1 branch You collected 947 gold pieces.
You spent 335 gold pieces at shops.

Inventory:

Hand Weapons
 a - a +1 dagger
 k - a +3 dagger of distortion (weapon)
Missiles
 l - 2 curare-tipped darts (quivered)
Armour
 b - a +0 robe (worn)
Wands
 m - a wand of paralysis (4)
Scrolls
 e - a scroll of identify {unknown}
 i - 3 scrolls of blinking
 j - a scroll of fear {unknown}
Potions
 c - a potion of degeneration {unknown}
 d - 4 potions of curing
 f - 2 potions of haste
 g - 2 potions of magic
 h - a potion of berserk rage


   Skills:
 + Level 4.4 Fighting
 - Level 10.0 Short Blades
 - Level 2.1 Dodging
 + Level 19.3 Stealth
 - Level 2.0 Spellcasting
 - Level 15.3 Hexes
 - Level 10.1 Ice Magic
 + Level 8.0 Invocations


You had 7 spell levels left.
You knew the following spells:

 Your Spells              Type           Power      Damage    Failure   Level
a - Ensorcelled Hibernat  Hex/Ice        100%       N/A       1%          2
b - Tukima's Dance        Hex            70%        N/A       1%          3

Your spell library contained the following spells:

 Spells                   Type           Power      Damage    Failure   Level
 Confusing Touch          Hex            70%        N/A       1%          3
 Dazzling Flash           Conj/Hex       84%        N/A       1%          3
 Portal Projectile        Hex/Tloc       84%        N/A       1%          3
 Blade Hands              Tmut           1%         N/A       96%         5
 Excruciating Wounds      Necr           1%         N/A       96%         5


Dungeon Overview and Level Annotations

Branches:
Dungeon (1/1)

Altars:
Cheibriados
Dithmenos
Elyvilon
Fedhas
Gozag
Hepliaklqana
Kikubaaqudgha
Makhleb
Nemelex Xobeh
Okawaru
Qazlal
Ru
Sif Muna
Trog
Uskayaw
Vehumet
Wu Jian
Xom
Yredelemnul
Zin
The Shining One
Jiyva
Lugonu

Shops:
D *?[

Annotations:
D exclusion: oklob plant


Innate Abilities, Weirdness & Mutations

You do not regenerate when monsters are visible.
You are frail without blood (-20% HP).
You can heal yourself when you bite living creatures.
You are immune to poison.
You have razor-sharp teeth.
You have supernaturally acute eyesight. (SInv)
You are afflicted with vampirism and can become a bat while bloodless.


Message History

Okay, then.
Memorise Tukima's Dance, consuming 3 spell levels and leaving 7?
You start memorising the spell.
You continue memorising. x3
You finish memorising.
Spell assigned to 'b'.
There is an open door here.
There is an open door here.
There is an open door here.
There is an entrance to Giny's Armour Emporium here.
There is an open door here.
There is an open door here.
There is an open door here.
There is an open door here.
There is an open door here.
There is an open door here.
There is an open door here.
You open the door. 4 demonic crawlers come into view.
There is an open door here.
The helpless demonic crawler fails to defend itself.
You stick the demonic crawler like a pincushion!!!!!
You kill the demonic crawler!
Cheibriados appreciates the change of pace.
Cheibriados raises the support of your attributes as your movement slows.
The demonic crawler gives a hideous shriek! x3
Your Fighting skill increases to level 4!
Your Invocations skill increases to level 8!
Casting: Ensorcelled Hibernation (safe; 1% risk of failure)
Confirm with . or Enter, or press ? or * to list all spells.
You can't see any susceptible monsters within range! (Use Z to cast anyway.)
Okay, then.
Activating: Slouch (6% risk of failure)
Press: ? - help, Dir - look around, f - activate You can feel time thicken for a moment.
Cheibriados lowers the support of your attributes as your movement quickens.
The demonic crawler misses you. x2; The demonic crawler hits you.
The demonic crawler hits you! The demonic crawler hits you. x2
The demonic crawler hits you!
* * * LOW HITPOINT WARNING * * *
The demonic crawler hits you!
You die...

#################****************
#.)'..#__#..'..)#,,*,,,,+,,,,,,+,
'..#..'..'..#...##+#,****,,,,,**,
#####'#__####)..@ss#,*,***,,,****
#...#.####..#####s.+,*+*,***+*,,,
#..##.#≈§§§§#..#*+##**,,,*,*,**,,
##'#_.'≈§≈§§'.†#,,,,,*,,,***,,***
.÷..._#§§§§§#§§#,,,,,+,,,,,**,*,*
##_.#'##§#####+#**,,,*,,,,,*,,***
###'#[#§§§.###P+,*,,,***++**,**,,
###.####'###)###,*,,***,,***,,*+*
.'...'.....'.∩#*,*,,****,,***,,,*


You could see 3 demonic crawlers.

Vanquished Creatures
  2 centaur warriors (D)
  Sonja (D)
  A deep troll (D)
  2 kobold demonologists (D)
  A demonic crawler (D)
  A hornet (D)
  A slime creature (D)
  Sigmund (D)
  A yak (D)
  A floating eye (D)
  An ogre (D)
  A jelly (D)
  Ijyb (D)
  A ballistomycete spore (D)
16 creatures vanquished.

Vanquished Creatures (others)
  A ballistomycete spore (D)
1 creature vanquished.

Grand Total: 17 creatures vanquished

Notes
Turn   | Place    | Note
-------+----------+-------------------------------------------
     0 | D        | Zeldest the Vampire Enchanter began the quest for the Orb.
     0 | D        | Reached XP level 1. HP: 13/13 MP: 3/3
     8 | D        | Noticed Ijyb
    14 | D        | Killed Ijyb
    15 | D        | Reached skill level 7 in Stealth
    15 | D        | Reached XP level 2. HP: 11/15 MP: 5/5
    18 | D        | Learned a level 2 spell: Ensorcelled Hibernation
    20 | D        | Noticed an ogre
    22 | D        | Killed an ogre
    23 | D        | Reached skill level 10 in Stealth
    23 | D        | Gained mutation: You are afflicted with vampirism and can
                  | become a bat while bloodless. [Vampire growth]
    23 | D        | Reached XP level 3. HP: 17/19 MP: 6/6
    23 | D        | Reached XP level 4. HP: 21/24 MP: 7/7
    31 | D        | Noticed Sigmund
    34 | D        | Killed Sigmund
    35 | D        | Reached skill level 13 in Stealth
    35 | D        | Reached XP level 5. HP: 28/28 MP: 8/8
    46 | D        | Found an ornate altar of the Wu Jian Council.
    46 | D        | Found a shimmering blue altar of Sif Muna.
    48 | D        | Found a radiant altar of Vehumet.
    55 | D        | Reached XP level 6. HP: 32/32 MP: 9/9
    68 | D        | Found Amilext's Magic Scroll Emporium.
    68 | D        | Found an ancient bone altar of Kikubaaqudgha.
    68 | D        | Found a hazy altar of Hepliaklqana.
    68 | D        | Found a hide-covered altar of Uskayaw.
    68 | D        | Found a basalt altar of Yredelemnul.
    68 | D        | Found an opulent altar of Gozag.
    68 | D        | Found a snail-covered altar of Cheibriados.
    68 | D        | Found a sacrificial altar of Ru.
    68 | D        | Found a shadowy altar of Dithmenos.
    68 | D        | Noticed a yak
    71 | D        | Killed a yak
    72 | D        | Reached skill level 14 in Stealth
    72 | D        | Reached skill level 10 in Hexes
    72 | D        | Reached skill level 5 in Ice Magic
    72 | D        | Found a stormy altar of Qazlal.
    72 | D        | Found a blossoming altar of Fedhas.
    72 | D        | Found a bloodstained altar of Trog.
    72 | D        | Found an iron altar of Okawaru.
    73 | D        | Found a sparkling altar of Nemelex Xobeh.
    79 | D        | Became a worshipper of Cheibriados the Contemplative
    94 | D        | Found a viscous altar of Jiyva.
    94 | D        | Found a corrupted altar of Lugonu.
    94 | D        | Noticed a slime creature
    95 | D        | Found a burning altar of Makhleb.
    95 | D        | Found a shimmering altar of Xom.
    97 | D        | Killed a slime creature
    98 | D        | Reached skill level 15 in Stealth
    98 | D        | Reached XP level 7. HP: 36/36 MP: 8/10
   109 | D        | Noticed a kobold demonologist
   110 | D        | Noticed a kobold demonologist
   114 | D        | Killed a kobold demonologist
   114 | D        | Reached * piety under Cheibriados
   115 | D        | Reached skill level 16 in Stealth
   115 | D        | Killed a kobold demonologist
   115 | D        | Reached ** piety under Cheibriados
   116 | D        | Reached XP level 8. HP: 41/41 MP: 11/11
   127 | D        | Noticed a centaur warrior
   132 | D        | Noticed Sonja
   136 | D        | Killed Sonja
   137 | D        | Reached skill level 17 in Stealth
   137 | D        | Reached skill level 5 in Invocations
   159 | D        | Bought a scroll of enchant weapon for 75 gold pieces
   159 | D        | Bought a scroll of magic mapping for 35 gold pieces
   159 | D        | Bought a scroll of blinking for 75 gold pieces
   159 | D        | Bought a scroll of blinking for 75 gold pieces
   172 | D        | Noticed a deep troll
   176 | D        | Killed a deep troll
   176 | D        | Reached *** piety under Cheibriados
   177 | D        | Reached skill level 10 in Short Blades
   177 | D        | Reached XP level 9. HP: 45/45 MP: 13/13
   186 | D        | Found Giny's Armour Emporium.
   207 | D        | Noticed a centaur warrior
   209 | D        | Killed a centaur warrior
   210 | D        | Reached skill level 18 in Stealth
   213 | D        | Killed a centaur warrior
   213 | D        | Reached **** piety under Cheibriados
   214 | D        | Reached skill level 15 in Hexes
   214 | D        | Reached skill level 10 in Ice Magic
   225 | D        | Reached skill level 19 in Stealth
   234 | D        | Noticed an oklob plant
   269 | D        | Found Wiuss's General Store.
   277 | D        | Bought a scroll of blinking for 75 gold pieces
   295 | D        | HP: 2/52 [spore (12)]
   328 | D        | Learned a level 3 spell: Tukima's Dance
   367 | D        | Noticed a demonic crawler
   367 | D        | Noticed a demonic crawler
   367 | D        | Noticed a demonic crawler
   367 | D        | Noticed a demonic crawler
   369 | D        | Killed a demonic crawler
   370 | D        | Slain by a demonic crawler

Illustrated notes

Levels and vault maps discovered:
D:        dungeon_sprint_1 [red_sonja_temple_1, red_sonja_temple_small_1]

Skill      XL: |  1  2  3  4  5  6  7  8  9 |
---------------+----------------------------+-----
Short Blades   | 3 4 6 7 9 10 | 10.0
Stealth        | 7 10 13 15 16 17 19 | 19.3
Hexes          | 6 7 9 11 12 14 15 | 15.3
Ice Magic      | 2 4 6 7 9 10 | 10.1
Invocations    | 2 4 6 8 |  8.0
Fighting       | 4 |  4.4
Dodging        | |  2.1
Spellcasting   | |  2.0

Action                   |  1- 3 |  4- 6 |  7- 9 || total
-------------------------+-------+-------+-------++-------
Melee: Dagger            |     5 |     4 |    11 ||    20
       Bite              |     1 |       |     1 ||     2
 Cast: Ensorcelled Hiber |       |     2 |     2 ||     4
Invok: Slouch            |       |       |     1 ||     1
 Abil: Exsanguinate      |     1 |       |       ||     1
  Use: Potion            |     1 |       |     1 ||     2
       Scroll            |       |       |     3 ||     3
 Stab: Sleeping          |     2 |     4 |    10 ||    16
       Invisible         |     1 |       |       ||     1
Dodge: Dodged            |     1 |     1 |     3 ||     5

Table legend: (Time is in decaauts)
 A = Elapsed time spent in this place.
 B = Non-inter-level travel time spent in this place.
 C = Inter-level travel time spent in this place.
 D = Time resting spent in this place.
 E = Time spent auto-exploring this place.
 F = Levels seen in this place.
 G = Mean time per level.
                   A        B        C        D        E       F      G
               +--------+--------+--------+--------+--------+-----+--------+
         Total |    496 |    496 |      0 |      0 |      0 |   1 |  496.0 |
       Dungeon |    496 |    496 |      0 |      0 |      0 |   1 |  496.0 |
               +--------+--------+--------+--------+--------+-----+--------+

Top non-repeatable levels by time:
       D: 496 daAuts
